 Dungeon Crawl Stone Soup version 0.26.0-20-g3ca415f5b8 (webtiles) character file.

Game seed: 18388004742619597633

3009 thiole the Nimble (level 9, -3/67 HPs)
             Began as an Octopode Hedge Wizard on Jan 25, 2021.
             Was an Initiate of Gozag.
             Killed from afar by a steam dragon (15 damage)
             ... with a ball of steam
             ... on level 9 of the Dungeon.
             The game lasted 00:28:14 (12454 turns).

thiole the Nimble (Octopode Hedge Wizard)          Turns: 12454, Time: 00:28:14

Health: -3/67      AC:  1    Str:  9    XL:     9   Next: 84%
Magic:  7/15       EV: 19    Int: 20    God:    Gozag
Gold:   1227       SH:  0    Dex: 17    Spells: 8/16 levels left

rFire    . . .     SeeInvis +   a - +0 dagger
rCold    . . .     Faith    .   (no shield)
rNeg     + . .     Spirit   .   b - +0 hat
rPois    .         Reflect  .   o - amulet of regeneration
rElec    .         Harm     .   f - ring of positive energy
rCorr    .         Rampage  .   n - +6 ring of dexterity
Will     +....                  e - ring of willpower
Stlth    ++++......             p - ring of see invisible
HPRegen  0.61/turn              (no ring)
MPRegen  0.14/turn              (no ring)
                                (no ring)
                                (no ring)

@: no status effects
A: almost no armour, stealthy swim, amphibious, 8 rings, constrict 8, camouflage
1, gelatinous body 1
a: Renounce Religion, Potion Petition, Call Merchant, Bribe Branch


You were on level 9 of the Dungeon.
You worshipped Gozag.
Gozag was most pleased with you.
You visited 1 branch of the dungeon, and saw 9 of its levels.

You collected 1289 gold pieces.
You paid 62 gold pieces to Gozag.

Inventory:

Hand Weapons
 a - a +0 dagger (weapon)
 r - a +0 dagger of speed
Missiles
 v - 16 poisoned darts (quivered)
Armour
 b - a +0 hat (worn)
Jewellery
 e - a ring of willpower (on tentacle)
 f - a ring of positive energy (left tentacle)
 k - an uncursed amulet of guardian spirit
 l - an uncursed amulet of faith
 n - a +6 ring of dexterity (right tentacle)
 o - an amulet of regeneration (around mantle)
 p - a ring of see invisible (on tentacle)
Wands
 t - a wand of polymorph (14)
Scrolls
 i - 3 scrolls of enchant weapon {unknown}
 j - 6 scrolls of teleportation {unknown}
 m - a scroll of blinking {unknown}
 s - 4 scrolls of amnesia {unknown}
 u - 2 scrolls of enchant armour {unknown}
Potions
 c - 4 potions of brilliance
 d - 4 potions of curing
 g - a potion of haste
 h - 2 potions of ambrosia {unknown}
 q - a potion of invisibility {unknown}
 w - a potion of might {unknown}
 x - a potion of attraction {unknown}


   Skills:
 + Level 8.4 Fighting
 + Level 8.8 Dodging
 - Level 5.0 Stealth
 - Level 4.0 Spellcasting
 - Level 2.0 Conjurations
 - Level 2.0 Summonings
 - Level 1.0 Translocations
 - Level 2.0 Air Magic
 - Level 2.0 Poison Magic


You had 8 spell levels left.
You knew the following spells:

 Your Spells              Type           Power        Failure   Level
a - Magic Dart            Conj           48%          5%          1
b - Call Imp              Summ           12%          9%          2
c - Blink                 Tloc           N/A          13%         2
d - Mephitic Cloud        Conj/Pois/Air  12%          17%         3

Your spell library contained the following spells:

 Spells                   Type           Power        Failure   Level
 Poisonous Vapours        Pois/Air       24%          9%          2
 Beastly Appendage        Tmut           8%           13%         1
 Slow                     Hex            4%           19%         2
 Wereblood                Tmut           4%           19%         2
 Conjure Flame            Conj/Fire      8%           26%         3
 Spider Form              Tmut/Pois      4%           26%         3
 Ice Form                 Ice/Tmut       4%           77%         4
 Blade Hands              Tmut           2%           98%         5
 Freezing Cloud           Conj/Ice/Air   4%           100%        6


Dungeon Overview and Level Annotations

Branches:
Dungeon (9/15)             Temple (0/1) D:5
   Lair: D:8-11         Orc: D:9-12

Altars:
Ashenzari
Gozag
Makhleb
Ru
Sif Muna
Trog
Uskayaw
Yredelemnul

Shops:
D:4 *


Innate Abilities, Weirdness & Mutations

You cannot wear most types of armour.
You are very stealthy in the water. (Stealth+)
You are amphibious.
You can wear up to eight rings at the same time.
You can use your tentacles to constrict eight enemies at once.
Your skin changes colour to match your surroundings (Stealth+).
Your rubbery body absorbs attacks. (AC +1, EV +1)


Message History

Anything else - Cancel.
Gang up on whom?
Press: ? - help, Dir - move target, f/p - steam dragon
Aim: a steam dragon (heavily wounded) Attack!
The steam dragon breathes steam at you. The ball of steam hits you.
You feel better. The steam dragon breathes steam at you.
The ball of steam hits your crimson imp.
Your crimson imp resists.
The ball of steam hits you!
* * * LOW HITPOINT WARNING * * *
You are engulfed in a cloud of scalding steam.
* * * LOW HITPOINT WARNING * * *
Your crimson imp blinks!
The steam dragon breathes steam at you. The ball of steam hits you!
You die...
Your body crumbles into a pile of gold.

.##.#.........#.#.# #.#####.##
.##.#......)..#.#.# #........#
.##.#...#.....#.#.# ##########
................#.# .
.##.#############.###############
........?........................
####D############.########..####.
....§# #####...........# #.
###.5########.§§@<.#...####.####.
#..D....5D§§.5.................
###...#######......#...####.#####
......##### #......#...# #......
#.........# #......# ..# #######
#.........# #......# ..#
#.........# ######## .#
......##### #######


You could see a friendly crimson imp (summoned).

Vanquished Creatures
  Pikel (D:7)
  Menkaure (D:7)
  An orc warrior (D:8)
  A sky beast (D:7)
  A phantom (D:7)
  3 ogres
  2 centaurs (D:8)
  A big kobold (D:8)
  2 bullfrogs
  2 scorpions
  A water moccasin zombie (D:6)
  6 killer bees
  A quasit (D:8)
  A bullfrog skeleton (D:5)
  A centaur skeleton (D:5)
  A jelly (D:2)
  An orc priest (D:3)
  An orc wizard (D:7)
  Crazy Yiuf (D:7)
  3 iguanas
  4 worker ants
  A hound zombie (D:5)
  A hound skeleton (D:5)
  A worker ant zombie (D:3)
  Robin (D:2)
  A gnoll (D:8)
  A howler monkey skeleton (D:4)
  8 adders
  A white imp (D:6)
  5 ufetubi
  An adder zombie (D:7)
  2 dart slugs (D:1)
  8 leopard geckos
  16 orcs
  5 giant cockroaches
  17 goblins
  11 hobgoblins
  8 jackals
  3 ball pythons
  A ball python zombie (D:5)
  10 bats
  4 frilled lizards
  16 kobolds
  A leopard gecko skeleton (D:3)
  A quokka zombie (D:8)
  2 rats
162 creatures vanquished.

Vanquished Creatures (collateral kills)
  Maggie (D:6)
  A phantom (D:4)
  4 ogres
  A centaur (D:8)
  A scorpion (D:6)
  2 killer bees (D:8)
  2 howler monkeys
  2 hounds (D:8)
  A jelly (D:6)
  An iguana (D:4)
  A worker ant (D:6)
  2 gnolls (D:8)
  An adder (D:3)
  A white imp (D:6)
  4 orcs
  A giant cockroach (D:5)
  A quokka (D:6)
  A bat (D:3)
  A jackal skeleton (D:4)
29 creatures vanquished.

Vanquished Creatures (others)
  A fungus (D:8)
  3 plants
4 creatures vanquished.

Grand Total: 195 creatures vanquished

Notes
Turn   | Place    | Note
-------+----------+-------------------------------------------
     0 | D:1      | thiole the Octopode Hedge Wizard began the quest for the
                  | Orb.
     0 | D:1      | Reached XP level 1. HP: 11/11 MP: 4/4
   302 | D:1      | Reached XP level 2. HP: 17/17 MP: 3/6
   667 | D:1      | Reached XP level 3. HP: 20/21 MP: 1/7
  1402 | D:2      | Noticed Robin
  1441 | D:2      | Killed Robin
  1449 | D:2      | Reached XP level 4. HP: 17/27 MP: 0/9
  1674 | D:2      | Found a hide-covered altar of Uskayaw.
  1692 | D:2      | Learned a level 2 spell: Call Imp
  1695 | D:2      | Learned a level 2 spell: Blink
  1699 | D:2      | Learned a level 3 spell: Mephitic Cloud
  2249 | D:2      | Reached skill level 1 in Poison Magic
  2477 | D:3      | Found a bloodstained altar of Trog.
  2497 | D:3      | Reached skill level 1 in Air Magic
  2497 | D:3      | Reached XP level 5. HP: 12/31 MP: 1/10
  3432 | D:3      | Reached skill level 5 in Stealth
  3697 | D:4      | Reached XP level 6. HP: 37/37 MP: 12/12
  3820 | D:4      | Reached skill level 1 in Fighting
  4296 | D:4      | Found an opulent altar of Gozag.
  4305 | D:4      | Became a worshipper of Gozag Ym Sagoz the Greedy
  4597 | D:4      | Found Jita's Assorted Antiques.
  4653 | D:4      | Noticed a phantom
  4938 | D:5      | Entered Level 5 of the Dungeon
  4965 | D:5      | Reached XP level 7. HP: 45/45 MP: 13/13
  5088 | D:5      | Found a basalt altar of Yredelemnul.
  5088 | D:5      | Found a shimmering blue altar of Sif Muna.
  5541 | D:5      | Found a staircase to the Ecumenical Temple.
  6952 | D:6      | Reached XP level 8. HP: 49/54 MP: 6/14
  7108 | D:6      | Noticed Maggie
  7126 | D:6      | Killed Maggie
  7127 | D:6      | Reached skill level 5 in Dodging
  7443 | D:7      | Noticed Pikel
  7466 | D:7      | Killed Pikel
  7467 | D:7      | Reached skill level 5 in Fighting
  8570 | D:7      | Reached XP level 9. HP: 63/63 MP: 5/15
  9306 | D:7      | Noticed Menkaure
  9310 | D:7      | Killed Menkaure
  9620 | D:7      | Found a runed translucent door.
  9621 | D:7      | Noticed Crazy Yiuf
  9848 | D:7      | Killed Crazy Yiuf
  9973 | D:8      | Found a broken altar of Ashenzari.
 10335 | D:8      | Found a burning altar of Makhleb.
 10349 | D:8      | Found an opulent altar of Gozag.
 12126 | D:8      | Found a sacrificial altar of Ru.
 12454 | D:9      | Killed from afar by a steam dragon

Illustrated notes

Levels and vault maps discovered:
D:1:      scummos_arrival_star, layout_loops_cross
D:2:      minmay_general_purpose_star, layout_basic,
          nicolae_overflow_crystal_walls, uniq_robin
D:3:      layout_rooms, lemuel_round_altar
D:4:      layout_loops_corners, serial_shops, nicolae_shop_crystal,
          hangedman_glass_teeth, nicolae_gozag_seed_capital
D:5:      layout_basic, gammafunk_temple_overflow_elements,
          minmay_temple_entry_offerings, roderic_lattice_a
D:6:      layout_rooms, uniq_maggie
D:7:      layout_gridville, serial_co_window_serial, co_window_corner_a,
          co_window_paths_a, co_window_of_opportunity_a, co_window_paths_a,
          co_window_of_opportunity_a, co_window_of_opportunity_b,
          co_window_2corner, co_window_paths_c, co_window_broadway_a,
          co_window_unsneaky_path_b, co_window_of_opportunity_b,
          co_window_2corner, co_window_4corner_b, glass_columns_a,
          glass_columns_a, glass_columns_a, serial_bayou_crossing, uniq_pikel,
          uniq_menkaure, uniq_crazy_yiuf_cottage
D:8:      layout_gridville, evilmike_ruin_ashenzari, grunt_temple_overflow_open,
          serial_rivers, chequers_serial_rivers_marsh,
          chequers_serial_rivers_small_b, chequers_serial_rivers_small_a,
          chequers_serial_rivers_small_b, nicolae_ru_the_path_less_chosen
D:9:      layout_basic, elyvilon_altar_5, lemuel_doored_altar, lair_entry_dummy

Skill      XL: |  1  2  3  4  5  6  7  8  9 |
---------------+----------------------------+-----
Stealth        | 3 4 5 |  5.0
Summonings     | 2 |  2.0
Conjurations   | 2 |  2.0
Poison Magic   | 1 2 |  2.0
Air Magic      | 1 2 |  2.0
Spellcasting   | 4 |  4.0
Fighting       | 2 4 6 8 |  8.4
Dodging        | 3 4 7 8 |  8.8
Translocations | |  1.0

Action                   |  1- 3 |  4- 6 |  7- 9 || total
-------------------------+-------+-------+-------++-------
Melee: Dagger            |    13 |    90 |   209 ||   312
       Tentacles         |     4 |    24 |    42 ||    70
       Constrict         |     4 |    26 |    43 ||    73
Throw: Dart              |       |       |    58 ||    58
 Cast: Magic Dart        |    76 |   106 |   114 ||   296
       Call Imp          |       |    15 |    88 ||   103
       Mephitic Cloud    |       |       |    21 ||    21
  Use: Scroll            |     3 |     2 |     4 ||     9
       Potion            |       |     4 |     2 ||     6
 Stab: Sleeping          |     1 |     3 |     5 ||     9
       Distracted        |       |     1 |     7 ||     8
       Confused          |       |       |     2 ||     2
Armor: Skin              |     4 |    12 |     7 ||    23
Dodge: Dodged            |    10 |    78 |   254 ||   342
